 Dungeon Crawl Stone Soup version 0.23.2-40-g277498a001 (webtiles) character file.

Game seed: 15027619481507976544

60 Frank2 the Chopper (level 3, -10/29 HPs)
             Began as a Demigod Gladiator on Sept 14, 2019.
             Mangled by a two-headed ogre
             ... wielding a +0 giant club
              (19 damage)
             ... on level 3 of the Dungeon.
             The game lasted 00:02:00 (1156 turns).

Frank2 the Chopper (Demigod Gladiator)              Turns: 1156, Time: 00:02:00

Health: -10/29     AC: 10    Str: 17    XL:     3   Next: 55%
Magic:  5/5        EV: 12    Int: 12    God:
Gold:   78         SH:  0    Dex: 19    Spells: 2/2 levels left

rFire    . . .     SeeInvis .   a - +0 war axe
rCold    . . .     Gourm    .   (no shield)
rNeg     . . .     Faith    .   j - +0 ring mail
rPois    .         Spirit   .   c - +2 helmet
rElec    .         Reflect  .   k - +0 cloak
rCorr    .         Harm     .   m - +0 pair of gloves
MR       .....                  (no boots)
Stlth    +.........             (no amulet)
HPRegen  0.09/turn              (no ring)
MPRegen  0.09/turn              (no ring)

@: very slightly contaminated, invisible
A: high mp 1
a: no special abilities


You were on level 3 of the Dungeon.
You were hungry.

You visited 1 branch of the dungeon, and saw 3 of its levels.

You collected 78 gold pieces.

Inventory:

Hand Weapons
 a - a +0 war axe (weapon)
Missiles
 d - a throwing net (quivered)
Armour
 c - a +2 helmet (worn)
 j - a +0 ring mail (worn)
 k - a +0 cloak (worn)
 m - a +0 pair of gloves (worn)
Scrolls
 e - 2 scrolls of remove curse
 h - a scroll of teleportation
Potions
 b - a potion of curing
 i - 2 potions of degeneration {unknown}
 l - a potion of berserk rage {unknown}
Comestibles
 f - 4 rations


   Skills:
 + Level 2.1 Fighting
 + Level 3.5 Axes
 - Level 1.7 Throwing
 * Level 1.3 Armour
 + Level 3.0 Dodging


You had 2 spell levels left.
You didn't know any spells.
Your spell library was empty.

Dungeon Overview and Level Annotations

Branches:
Dungeon (3/15)


Innate Abilities, Weirdness & Mutations

You have an increased reservoir of magic. (+10% MP)


Message History

The two-headed ogre struggles against the net.
You slash the two-headed ogre!
The two-headed ogre is heavily wounded.
The two-headed ogre struggles against the net.
The net rips apart, and the two-headed ogre comes free!
You slash the two-headed ogre!
The two-headed ogre is severely wounded.
The two-headed ogre misses you. The two-headed ogre barely misses you.
You hit the two-headed ogre.
The two-headed ogre is severely wounded.
The two-headed ogre misses you.
The two-headed ogre hits you with a +0 giant club!
You hit the two-headed ogre.
The two-headed ogre is almost dead.
The two-headed ogre closely misses you. The two-headed ogre barely misses you.
You barely miss the two-headed ogre.
The two-headed ogre is almost dead.
The two-headed ogre hits you with a +0 giant club!!
Ouch! That really hurt!
You die...

## #####.#### .........#
...... ..# ...... #.# ########
###
......##.#####......###<######
.......>†....'.....†..........
.........#####.......##.######
...........sO@.#.....##...
.........##r#############...
....##...##.# ..... ...
..#...... .... ......########
... ....#. .## ..... ### .


You could see a two-headed ogre, a giant cockroach and a rat.

Vanquished Creatures
  A gnoll (D:2)
  An adder (D:3)
  A dart slug (D:1)
  2 leopard geckos
  2 goblins (D:2)
  5 hobgoblins (D:1)
  5 jackals
  8 bats
  A frilled lizard (D:1)
  5 kobolds
  6 rats
37 creatures vanquished.

Notes
Turn   | Place    | Note
-------+----------+-------------------------------------------
     0 | D:1      | Frank2 the Demigod Gladiator began the quest for the Orb.
     0 | D:1      | Reached XP level 1. HP: 17/17 MP: 3/3
   107 | D:1      | Reached XP level 2. HP: 20/24 MP: 4/4
   642 | D:2      | Reached skill level 1 in Armour
   859 | D:2      | Reached XP level 3. HP: 29/29 MP: 5/5
  1133 | D:3      | Noticed a two-headed ogre
  1156 | D:3      | Mangled by a two-headed ogre

Skill      XL: |  1  2 |
---------------+-------+-----
Axes           | 3 |  3.5
Fighting       | 2 |  2.1
Dodging        | 3 |  3.0
Armour         | 1 |  1.3
Throwing       | |  1.7

Action                   || total
-------------------------++-------
Melee: War axe           ||   111
Throw: Throwing net      ||     2
  Use: Scroll            ||     9
       Potion            ||     3
 Stab: Sleeping          ||     1
       Invisible         ||     1
       Held in net/web   ||     1
Armor: Leather armour    ||    11
       Ring mail         ||    41
Dodge: Dodged            ||    82
